 Dungeon Crawl Stone Soup version 0.32-a0-975-g85d4e5bfdb (webtiles) character file.

Game seed: 7821359762354707824

99 Dittersdorf the Shield-Bearer (level 4, -1/29 HPs)
             Began as a Gargoyle Fighter on Apr 18, 2024.
             Slain by Grinder (3 damage)
             ... on level 3 of the Dungeon.
             The game lasted 00:02:31 (2127 turns).

Dittersdorf the Shield-Bearer (Gargoyle Fighter)    Turns: 2127, Time: 00:02:31

Health: -1/29      AC: 10    Str: 22    XL:     4   Next: 72%
Magic:  4/4        EV:  8    Int:  8    God:
Gold:   170        SH:  4    Dex:  9    Spells: 3/3 levels left

rFire   . . .        a - +0 flail
rCold   . . .        c - +0 buckler
rNeg    + . .        b - +0 scale mail
rPois   ∞            (no helmet)
rElec   +            (no cloak)
rCorr   .            (no gloves)
SInv    .            (no boots)
Will    .....        (no amulet) Stlth
                     (no ring)
HPRegen 0.24/turn    (no ring)
MPRegen 0.09/turn

%: no passive effects
@: no status effects
A: sickness immunity, AC +3, negative energy resistance 1, electricity
resistance, torment resistance 1, petrification resistance
a: no special abilities


You were on level 3 of the Dungeon.
You visited 1 branch of the dungeon, and saw 3 of its levels.

You collected 170 gold pieces.

Inventory:

Hand Weapons
 a - a +0 flail (weapon)
Armour
 b - a +0 scale mail (worn)
 c - a +0 buckler (worn)
Scrolls
 f - 3 scrolls of identify {unknown}
 g - a scroll of immolation {unknown}
 l - 2 scrolls of enchant armour {unknown}
 m - a scroll of noise {unknown}
 o - a scroll of enchant weapon {unknown}
 p - a scroll of fog {unknown}
 q - a scroll of revelation {unknown}
 t - a scroll of butterflies {unknown}
Potions
 d - a potion of might
 e - 3 potions of heal wounds {unknown}
 h - a potion of invisibility {unknown}
 i - a potion of haste {unknown}
 j - a potion of mutation {unknown}
 k - a potion of magic {unknown}
 n - 5 potions of curing {unknown}
 r - a potion of lignification {unknown}
 s - a potion of enlightenment {unknown}


   Skills:
 + Level 4.0 Fighting
 + Level 2.9 Maces & Flails
 + Level 4.0 Armour
 + Level 4.1 Shields


You had 3 spell levels left.
You didn't know any spells.
Your spell library contained the following spells:

 Spells                   Type           Power      Damage    Failure   Level
 Alistair's Intoxication  Alch           0%         N/A       100%        5
 Borgnjor's Vile Clutch   Necr/Erth      0%         N/A       100%        5
 Eringya's Noxious Bog    Alch           0%         4d6       100%        6


Dungeon Overview and Level Annotations

Branches:
Dungeon (3/15)

Altars:

Annotations:
D:3 Grinder


Innate Abilities, Weirdness & Mutations

You are immune to sickness and miasma.
Your stone body is resilient. (AC +3)
You are immune to poison.
You resist negative energy. (rN+)
You are resistant to electric shocks. (rElec)
You are resistant to unholy torment.
You are immune to petrification.


Message History

You closely miss Grinder.
Grinder is lightly wounded.
Grinder barely misses you.
You hit Grinder.
Grinder is moderately wounded.
Grinder says, "Mostly I couldn't keep them alive."
Grinder hits you!
* * * LOW HITPOINT WARNING * * *
You writhe in agony.
* * * LOW HITPOINT WARNING * * *
You closely miss Grinder.
Grinder is moderately wounded.
Grinder hits you.
* * * LOW HITPOINT WARNING * * *
You closely miss Grinder.
Grinder is moderately wounded.
Grinder hits you but does no damage. You block Grinder's attack.
You closely miss Grinder.
Grinder is moderately wounded.
Grinder blinks!
You closely miss Grinder.
Grinder is moderately wounded.
Grinder blinks!
You closely miss Grinder.
Grinder is moderately wounded.
Grinder gestures at you. You resist with significant effort.
Grinder barely misses you.
You closely miss Grinder.
Grinder is moderately wounded.
Grinder barely misses you.
You sock Grinder!
Grinder is heavily wounded.
Grinder hits you but does no damage.
You sock Grinder!
Grinder is almost dead.
Grinder hits you.
* * * LOW HITPOINT WARNING * * *
You writhe in agony.
You die...
Grinder says, "Now the real fun starts!"

# #)#.### ........
#.....# .......
###.#.# .ß..∩.
#.####.#.# .....
#......#.#
#...........
########.#
#...♣..ß..♣. #.#
#.......# #. #5#
#.......# ## #@#
###.##.#..# # #.#
#.........####
#####
#.###......#..##..
....##########
#$....#...........
.##..........#
#####.#.......##.#
.##...######.#
#.....##.##...
......# #.#
#.....##.##..#
###...# ###.#
##>..###.##..#
###.### #...####
#...# #......


You could see Grinder.

Vanquished Creatures
  A jelly (D:2)
  A gnoll (D:1)
  4 dart slugs
  An orc (D:3)
  7 bats
  4 endoplasms
  3 giant cockroaches
  5 goblins
  4 hobgoblins
  3 quokkas
  6 ball pythons
  4 frilled lizards
  4 kobolds
  3 rats
50 creatures vanquished.

Notes
Turn   | Place    | Note
-------+----------+-------------------------------------------
     0 | D:1      | Dittersdorf the Gargoyle Fighter began the quest for the
                  | Orb.
     0 | D:1      | Reached XP level 1. HP: 14/14 MP: 1/1
   158 | D:1      | Reached XP level 2. HP: 19/19 MP: 2/2
   340 | D:1      | Reached XP level 3. HP: 19/23 MP: 3/3
  1211 | D:2      | Reached XP level 4. HP: 18/29 MP: 4/4
  2002 | D:3      | Found a faded altar of an unknown god.
  2090 | D:3      | Noticed Grinder
  2094 | D:3      | Paralysed by Grinder for 2 turns
  2127 | D:3      | Slain by Grinder

Illustrated notes

Levels and vault maps discovered:
D:1:      dpeg_arrival_rhombus, layout_loops_ring, nrook_loot_triangle
D:2:      layout_loops_ring, kennysheep_path_1
D:3:      layout_loops_cross, hellmonk_ecumenical_altar_arch_garden,
          corexii_hall_statues_s, uniq_grinder

Skill      XL: |  1  2  3  4 |
---------------+-------------+-----
Fighting       | 4 |  4.0
Shields        | 4 |  4.1
Armour         | 4 |  4.0
Maces & Flails | |  2.9

Action                     |  1- 3 |  4- 6 || total
---------------------------+-------+-------++-------
  Melee: Flail             |   125 |    50 ||   175
 Armour: Scale mail        |   109 |    25 ||   134
  Dodge: Dodged            |    55 |    17 ||    72
  Block: Buckler           |    26 |     6 ||    32

Table legend: (Time is in decaauts)
 A = Elapsed time spent in this place.
 B = Non-inter-level travel time spent in this place.
 C = Inter-level travel time spent in this place.
 D = Time resting spent in this place.
 E = Time spent auto-exploring this place.
 F = Levels seen in this place.
 G = Mean time per level.
                   A        B        C        D        E       F      G
               +--------+--------+--------+--------+--------+-----+--------+
         Total |   2178 |   2116 |     62 |     41 |   1632 |   3 |  726.0 |
       Dungeon |   2178 |   2116 |     62 |     41 |   1632 |   3 |  726.0 |
               +--------+--------+--------+--------+--------+-----+--------+

Top non-repeatable levels by time:
     D:2: 788 daAuts
     D:1: 773 daAuts
     D:3: 616 daAuts
